 Dungeon Crawl Stone Soup version 0.18-a0-1014-g3bbf375 (webtiles) character file.

13822 vatarom the Envoy of Void (level 11, -5/86 HPs)
             Began as a Demonspawn Abyssal Knight on Jan 6, 2016.
             Was a High Priest of Lugonu.
             Slain by a komodo dragon (19 damage)
             ... on level 2 of the Lair of Beasts.
             The game lasted 00:29:23 (8846 turns).

vatarom the Envoy of Void (DsAK)                    Turns: 8846, Time: 00:29:24

Health: -5/86      AC: 16    Str: 20    XL:     11   Next: 80%
Magic:  0/20       EV: 15    Int: 20    God:    Lugonu [*****.]
Gold:   487        SH:  0    Dex: 15    Spells: 0 memorised, 10 levels left

rFire  . . .     SeeInvis .     v - +3 mace "Newtbane" {flame, +Inv Int+3}
rCold  + . .     Gourm    .     p - +1 ring mail {rC+}
rNeg   + . .     Faith    .     (no shield)
rPois  .         Spirit   +     i - +2 helmet
rElec  .         Dismiss  .     e - +2 cloak
rCorr  .         Reflect  .     (no gloves)
SustAt .         Harm     .     (boots unavailable)
MR     +....                    n - amulet of regeneration
Stlth  +.........               M - ring of positive energy
                                m - +4 ring of strength

@: somewhat resistant to hostile enchantments, very unstealthy
A: talons 3, yellow scales 1, agile 1, clever 1, magic resistance 1,
regeneration 1, spiny 1, strong 1, magic shield, magic regeneration
a: Depart the Abyss, Bend Space, Banish, Corrupt, Enter the Abyss, Renounce
Religion, Evoke Invisibility


You were on level 2 of the Lair of Beasts.
You worshipped Lugonu.
Lugonu was extremely pleased with you.
You were full.

You visited 3 branches of the dungeon, and saw 12 of its levels.
You visited the Abyss 1 time.

You collected 487 gold pieces.

Inventory:

Hand Weapons
 o - a +4 mace
 v - the +3 mace "Newtbane" (weapon) {flame, +Inv Int+3}
   (You found it on level 8 of the Dungeon)

   It has been specially enchanted to burn those struck by it, causing extra
   injury to most foes and up to half again as much damage against particularly
   susceptible opponents.
   It affects your intelligence (+3).
   It lets you turn invisible.
Armour
 e - a +2 cloak (worn)
 i - a +2 helmet (worn)
 p - a +1 ring mail of cold resistance (worn)
Jewellery
 l - an uncursed amulet of resist corrosion
 m - a +4 ring of strength (left hand)
 n - an amulet of regeneration (around neck)
 s - an uncursed ring of wizardry
 M - a ring of positive energy (right hand)
Wands
 g - a wand of hasting (2/9)
 r - a wand of slowing (20/48)
 w - a wand of disintegration (7/24)
 y - a wand of frost (30/48)
 A - a wand of cold (6/15)
 C - a wand of flame (22/48)
 D - a wand of paralysis (19/24)
 F - a wand of paralysis (13/24)
 J - a wand of slowing (33/48)
Scrolls
 b - a scroll of fog
 h - 2 scrolls of enchant armour
 j - 14 scrolls of identify
 u - 3 scrolls of remove curse
 E - a scroll of recharging
 L - a scroll of summoning
 N - a scroll of teleportation
Potions
 q - a potion of might
 t - a potion of brilliance
 B - 2 potions of haste
 G - 3 potions of curing
 I - a potion of heal wounds
 K - 2 potions of magic
Books
 a - a book of Enchantments

   Spells                             Type                      Level
   a - Cause Fear                     Hexes                        4
   b - Yara's Violent Unravelling     Hexes/Transmutation          5
   c - Silence                        Hexes/Air                    5
   d - Deflect Missiles               Charms/Air                   6
   e - Haste                          Charms                       6
   f - Discord                        Hexes                        8
 x - a book of Death

   Spells                             Type                      Level
   a - Corpse Rot                     Necromancy                   2
   b - Sublimation of Blood           Necromancy                   2
   c - Agony                          Necromancy                   5
   d - Dispel Undead                  Necromancy                   5
   e - Excruciating Wounds            Charms/Necromancy            5
   f - Bolt of Draining               Conjuration/Necromancy       5
 H - a book of Flames

   Spells                             Type                      Level
   a - Flame Tongue                   Conjuration/Fire             1
   b - Throw Flame                    Conjuration/Fire             2
   c - Conjure Flame                  Conjuration/Fire             3
   d - Inner Flame                    Hexes/Fire                   3
   e - Sticky Flame                   Conjuration/Fire             4
   f - Fireball                       Conjuration/Fire             5
Comestibles
 c - 4 bread rations
 d - 4 meat rations
 f - 9 fruits
 k - 2 beef jerkies
 z - 2 slices of pizza


   Skills:
 * Level 7.9 Fighting
 - Level 9.6 Maces & Flails
 - Level 7.2 Armour
 - Level 7.9 Dodging
 - Level 12.0 Invocations


You had 10 spell levels left.
You didn't know any spells.

Dungeon Overview and Level Annotations

Branches:
Dungeon (10/15)            Temple (1/1) D:4            Lair (2/8) D:8
    Orc: D:9-12

Altars:
Ashenzari
Cheibriados
Elyvilon
Fedhas
Kikubaaqudgha
Makhleb
Nemelex Xobeh
Qazlal
Ru
Sif Muna
Trog
Vehumet
Xom
Zin
The Shining One

Shops:
D:7 }   D:10 *?*

Annotations:
Lair:1 exclusion: ice statue
Abyss:1 Fannar, Joseph, Pikel


Innate Abilities, Weirdness & Mutations

You have claws for feet.
You are partially covered in yellow scales (AC +2).
You are partially covered in sharp spines.
When hurt, damage is shared between your health and your magic reserves.
You regenerate magic rapidly.
You are agile. (Dex +2)
Your mind is acute. (Int +2)
You are resistant to hostile enchantments.
Your natural rate of healing is unusually fast.
Your muscles are strong. (Str +2)


Message History

The komodo dragon closely misses you.
You closely miss the komodo dragon.
You claw the komodo dragon, but do no damage.
The komodo dragon is severely wounded.
The komodo dragon bites you!
* * * LOW HITPOINT WARNING * * *
You sock the komodo dragon! You burn the komodo dragon.
You claw the komodo dragon, but do no damage.
The komodo dragon is almost dead.
The komodo dragon completely misses you.
The komodo dragon bites you but does no damage.
You completely miss the komodo dragon.
The komodo dragon is almost dead.
The komodo dragon is struck by your spines.
The komodo dragon misses you. The komodo dragon barely misses you.
You hit the komodo dragon. You burn the komodo dragon.
You kill the komodo dragon!
Lugonu accepts your kill. The komodo dragon bites you!!
You die...

.###......##.....## #
##......#....######
###.........###..##
##.......###....#
###....####....#
###....#......# ### # ##
### ##...........###
#.####
.##..#.###P#........#
####.... ........
#####..@#.#######.......
........
#.l†##..P...#.....>.
...P....
#....#.............>
........
#...................
...###..
#.#§§...............
#######
###.................##
.......
##..............######
...##.l
##...........#.P.#
.P..#l..
#...........<....#


You could see a komodo dragon.

Vanquished Creatures
  Nergalle (Lair:2)
  An unseen horror (D:10)
  A hill giant (D:10)
  A black mamba (Lair:2)
  A centaur zombie (D:10)
  The ghost of Chiseanne the Skirmisher, a novice DsWn of Okawaru (D:6)
  A spiny frog (Lair:2)
  3 komodo dragons (Lair:2)
  A fire drake (Lair:1)
  3 two-headed ogres
  Prince Ribbit (D:9)
  A spriggan (D:7)
  A basilisk (Lair:2)
  5 yaks (Lair:1)
  A wyvern (D:9)
  3 hippogriffs
  Grum (D:9)
  4 wolves (D:9)
  2 water moccasins
  8 ice beasts
  A porcupine (Lair:2)
  A sky beast (D:6)
  A black bear (D:7)
  A wasp (D:8)
  2 phantoms
  3 ogres
  5 centaurs
  7 crocodiles
  2 big kobolds
  10 giant frogs
  2 scorpions
  4 killer bees
  5 wights (D:6)
  2 electric eels
  3 crimson imps
  A jelly (D:7)
  A giant frog zombie (D:9)
  5 hounds
  A giant frog skeleton (D:9)
  3 orc priests
  5 orc wizards
  A centaur skeleton (D:9)
  6 iguanas
  Natasha (thrice) (D:2)
  4 worker ants
  Robin (D:2)
  15 adders
  16 river rats (Lair:1)
  A white imp (Lair:1)
  2 oozes (D:1)
  2 adder zombies
  2 worms
  9 giant geckos
  20 orcs
  3 ball pythons
  6 giant cockroaches
  14 goblins
  13 hobgoblins
  9 jackals
  28 kobolds
  5 quokkas
  11 bats
  4 giant newts
  A quokka skeleton (D:8)
  2 quokka zombies (D:8)
  7 rats
291 creatures vanquished.

Vanquished Creatures (collateral kills)
  An iguana (Lair:2)
1 creature vanquished.

Vanquished Creatures (others)
  The ghost of Scytalen the Archer, a journeyman SpEE of Gozag (D:10)
  A komodo dragon (Lair:2)
  A freezing wraith (Lair:1)
  A crocodile (D:7)
  A crimson imp (D:9)
  An iguana (Lair:2)
  A killer bee zombie (D:7)
  An adder (D:7)
  An orc (D:7)
  A jackal (D:7)
  A kobold (D:9)
11 creatures vanquished.

Grand Total: 303 creatures vanquished

Notes
Turn   | Place    | Note
--------------------------------------------------------------
     0 | Abyss:1  | vatarom the Demonspawn Abyssal Knight began the quest for the Orb.
     0 | Abyss:1  | Reached XP level 1. HP: 18/18 MP: 2/2
     4 | D:1      | Escaped the Abyss
   295 | D:1      | Gained mutation: You are partially covered in sharp spines. [demonic ancestry]
   295 | D:1      | Reached XP level 2. HP: 24/24 MP: 4/4
   501 | D:1      | Reached ** piety under Lugonu
   621 | D:1      | Gained mutation: You have sharp toenails. [demonic ancestry]
   621 | D:1      | Reached XP level 3. HP: 29/29 MP: 5/5
   760 | D:1      | Reached skill level 4 in Invocations
  1143 | D:2      | Noticed Natasha
  1149 | D:2      | Killed Natasha
  1149 | D:2      | Gained mutation: You are partially covered in yellow scales (AC +2). [demonic ancestry]
  1149 | D:2      | Reached XP level 4. HP: 21/35 MP: 7/7
  1186 | D:2      | Noticed Robin
  1203 | D:2      | Killed Robin
  1518 | D:2      | Noticed Natasha
  1523 | D:2      | Killed Natasha
  1523 | D:2      | Reached skill level 5 in Invocations
  1549 | D:2      | Reached XP level 5. HP: 37/41 MP: 7/9
  1618 | D:2      | Noticed Natasha
  1624 | D:2      | Killed Natasha
  1624 | D:2      | Reached *** piety under Lugonu
  1966 | D:3      | Reached skill level 6 in Invocations
  2017 | D:3      | Found a sacrificial altar of Ru.
  2071 | D:3      | Found a glowing golden altar of the Shining One.
  2315 | D:3      | Reached **** piety under Lugonu
  2685 | D:4      | Found a staircase to the Ecumenical Temple.
  2706 | Temple   | Entered the Ecumenical Temple
  3008 | D:4      | Gained mutation: Your mind is acute. (Int +2) [potion of mutation]
  3008 | D:4      | Gained mutation: You are agile. (Dex +2) [potion of mutation]
  3008 | D:4      | Gained mutation: You have razor-sharp toenails. [potion of mutation]
  3016 | D:4      | You fall through a shaft for 3 floors!
  3018 | D:7      | Noticed a crocodile
  3021 | D:7      | Banished a crocodile
  3021 | D:7      | Gained mutation: You have claws for feet. [demonic ancestry]
  3021 | D:7      | Reached XP level 6. HP: 47/47 MP: 10/10
  3083 | D:8      | Reached skill level 7 in Invocations
  3129 | D:8      | Reached skill level 5 in Maces & Flails
  3129 | D:8      | Gained mutation: When hurt, damage is shared between your health and your magic reserves. [demonic ancestry]
  3129 | D:8      | Reached XP level 7. HP: 45/52 MP: 12/12
  3145 | D:8      | Found a staircase to the Lair.
  3160 | D:8      | Found a stormy altar of Qazlal.
  3305 | D:8      | Noticed a two-headed ogre
  3309 | D:8      | Killed a two-headed ogre
  3309 | D:8      | Reached skill level 8 in Invocations
  3649 | D:7      | Found Tuathoa's Gadget Shop.
  3667 | D:7      | Reached skill level 9 in Invocations
  3680 | D:7      | Reached XP level 8. HP: 45/58 MP: 11/14
  3846 | D:7      | Reached skill level 10 in Invocations
  3857 | D:6      | Noticed Chiseanne's ghost (novice DsWn)
  3990 | D:6      | Gained mutation: Your muscles are strong. (Str +2) [mutagenic meat]
  3991 | D:6      | Gained mutation: You are resistant to hostile enchantments. [mutagenic meat]
  3992 | D:6      | Gained mutation: Your natural rate of healing is unusually fast. [mutagenic meat]
  4044 | D:6      | Killed Chiseanne's ghost
  4044 | D:6      | Reached skill level 5 in Fighting
  4045 | D:6      | Reached ***** piety under Lugonu
  4069 | D:6      | Found a shimmering altar of Xom.
  4191 | D:8      | Reached skill level 11 in Invocations
  4201 | D:8      | Reached XP level 9. HP: 67/69 MP: 17/17
  4219 | D:8      | Got a pitted mace
  4231 | D:8      | Identified the cursed +3 mace "Newtbane" {flame, +Inv Int+3} (You found it on level 8 of the Dungeon)
  4425 | D:7      | Noticed Pikel
  4456 | D:7      | Banished Pikel
  4729 | D:6      | Reached skill level 12 in Invocations
  5563 | D:9      | Noticed Grum
  5581 | D:9      | Killed Grum
  5588 | D:9      | Reached skill level 5 in Armour
  5694 | D:9      | Found a deep blue altar of Sif Muna.
  5893 | D:9      | Noticed Joseph
  5904 | D:9      | Banished Joseph
  5955 | D:9      | Gained mutation: You regenerate magic rapidly. [demonic ancestry]
  5955 | D:9      | Reached XP level 10. HP: 68/77 MP: 15/19
  6098 | D:9      | Reached skill level 1 in Dodging
  6361 | D:9      | Noticed Prince Ribbit
  6371 | D:9      | Killed Prince Ribbit
  6565 | D:10     | Entered Level 10 of the Dungeon
  6565 | D:10     | Found Muive's General Store.
  6588 | D:10     | Found Jaqetoc's Magic Scroll Emporium.
  6659 | D:10     | Found Eshrifut's Assorted Antiques.
  6714 | D:10     | Noticed a hill giant
  6725 | D:10     | Killed a hill giant
  6725 | D:10     | Reached skill level 5 in Dodging
  6735 | D:10     | Noticed Scytalen's ghost (journeyman SpEE)
  6735 | D:10     | Found a shimmering altar of Xom.
  6737 | D:10     | Banished Scytalen's ghost
  6753 | D:10     | Found Ynoerchej's Book Shop.
  7043 | D:10     | Killed an unseen horror
  7043 | D:10     | Reached XP level 11. HP: 62/83 MP: 14/20
  7273 | Lair:1   | Entered Level 1 of the Lair of Beasts
  7433 | Lair:1   | Found a sacrificial altar of Ru.
  8197 | Lair:2   | Reached ****** piety under Lugonu
  8397 | Lair:2   | HP: 4/83 [poisoned by a spiny frog]
  8402 | Lair:2   | HP: 2/83 [poisoned by a spiny frog]
  8407 | Lair:2   | HP: 2/83 [poisoned by a spiny frog]
  8413 | Lair:2   | HP: 3/83 [poisoned by a spiny frog]
  8462 | Lair:2   | Noticed Fannar
  8492 | Lair:2   | Banished Fannar
  8651 | Lair:2   | Noticed Nergalle
  8710 | Lair:2   | Killed Nergalle
  8801 | Lair:2   | HP: 4/85 [komodo dragon (10)]
  8846 | Lair:2   | Slain by a komodo dragon

Vault maps used:
D:1:      dpeg_arrival_chase, minivault_11
D:2:      minmay_door_path, lexackson_kobold_supper, uniq_natasha, uniq_robin
D:3:      nicolae_overflow_crystal_walls, first_bread, grunt_decor_arrowhead,
          nicolae_ru_sacrificial_ziggurat
D:4:      grunt_dithmenos_smoke_and_mirrors, minmay_temple_entry_grid
D:6:      kennysheep_little_box
D:7:      serial_shops, shop, the_bakery, uniq_pikel
D:8:      grunt_qazlal_clouds, lair_0_dummy, enter_ossuary_4,
          small_chamber_with_monster, minmay_item_behind_shaft, st_stairs_4
D:9:      wad_river_or_something, basic_altar, uniq_joseph, uniq_grum,
          uniq_prince_ribbit1
D:10:     basic_altar, serial_shops, nicolae_shop_stone, shop, shop, shop,
          serial_bayou_lagoon_a
Temple:   chambers_temple_12
Lair:1:   basic_altar, ice2_lemuel, grunt_megastairs_1
Lair:2:   beast_lair_carwin_large_3, lab_entry_generic, hibernation_bobbens,
          uniq_nergalle, uniq_fannar

Action                   |  1- 3 |  4- 6 |  7- 9 | 10-12 || total
-------------------------+-------+-------+-------+-------++-------
Melee: Mace              |    58 |   117 |   227 |   405 ||   807
Invok: Banish            |       |     1 |     3 |    12 ||    16
       Bend Space        |       |       |     2 |     1 ||     3
Evoke: Wand              |       |       |     1 |     1 ||     2
       Stone of tremors  |       |       |       |     1 ||     1
  Use: Potion            |     5 |     4 |     3 |     1 ||    13
       Scroll            |     3 |     6 |     6 |     5 ||    20
 Stab: Invisible         |     1 |       |       |       ||     1
  Eat: Chunk             |     1 |     2 |     4 |       ||     7
       Bread ration      |       |     1 |     4 |     3 ||     8
